 Dungeon Crawl Stone Soup version 0.30-a0-715-gdb4ae3ece1 (webtiles) character file.

Game seed: 14934386778341456472

2 pokeman the Magician (level 1, -2/10 HPs)
             Began as a Deep Elf Hedge Wizard on Jan 23, 2023.
             Slain by a gnoll
             ... wielding a +0 club
              (6 damage)
             ... on level 1 of the Dungeon.
             The game lasted 00:00:24 (153 turns).

pokeman the Magician (Deep Elf Hedge Wizard)         Turns: 153, Time: 00:00:25

Health: -2/10      AC:  2    Str:  7    XL:     1   Next: 33%
Magic:  1/8        EV: 12    Int: 18    God:
Gold:   0          SH:  0    Dex: 14    Spells: 8/9 levels left

rFire   . . .      SeeInvis .    a - +0 dagger
rCold   . . .      Faith    .    (no shield)
rNeg    . . .      Spirit   .    b - +0 robe
rPois   .          Reflect  .    c - +0 hat
rElec   .          Harm     .    (no cloak)
rCorr   .          Rampage  .    (no gloves)
Will    .....                    (no boots)
Stlth   ++                       (no amulet)
HPRegen 0.21/turn                (no ring)
MPRegen 0.11/turn                (no ring)

@: very slightly contaminated
A: no striking features
a: no special abilities


You were on level 1 of the Dungeon.
You visited 1 branch of the dungeon, and saw 1 of its levels.

Inventory:

Hand Weapons
 a - a +0 dagger (weapon)
Armour
 b - a +0 robe (worn)
 c - a +0 hat (worn)
Scrolls
 f - a scroll of silence {unknown}
Potions
 d - a potion of magic
 e - a potion of degeneration {unknown}


   Skills:
 + Level 0.1 Fighting
 + Level 0.1 Armour
 - Level 2.4 Dodging
 - Level 2.4 Stealth
 * Level 4.5 Spellcasting
 + Level 1.2 Conjurations
 - Level 1.1 Summonings
 - Level 1.1 Translocations


You had 8 spell levels left.
You knew the following spells:

 Your Spells              Type           Power      Damage    Failure   Level
a - Magic Dart            Conj           32%        1d4       9%          1

Your spell library contained the following spells:

 Spells                   Type           Power      Damage    Failure   Level
 Slow                     Hex            16%        N/A       14%         1
 Blink                    Tloc           16%        N/A       14%         2
 Call Imp                 Summ           8%         N/A       14%         2
 Cigotuvi's Dreadful Rot  Necr/Pois/Air  8%         N/A       22%         2
 Mephitic Cloud           Conj/Pois/Air  5%         N/A       34%         3


Dungeon Overview and Level Annotations

Branches:
Dungeon (1/15)

Altars:


Message History

Press: ? - help, Shift-Dir - straight line, f/p - gnoll
Aim: a gnoll, wielding a +0 club (lightly wounded, 100% to hit)
The magic dart hits the gnoll.
The gnoll is moderately wounded.
The gnoll misses you.
Casting: Magic Dart (safe; 9% risk of failure)
Confirm with . or Enter, or press ? or * to list all spells.
Aiming: Magic Dart (safe; 9% risk of failure)
Press: ? - help, Shift-Dir - straight line, f/p - gnoll
Aim: a gnoll, wielding a +0 club (moderately wounded, 100% to hit)
The magic dart hits the gnoll but does no damage.
The gnoll is moderately wounded.
The gnoll closely misses you.
Casting: Magic Dart (safe; 9% risk of failure)
Confirm with . or Enter, or press ? or * to list all spells.
Aiming: Magic Dart (safe; 9% risk of failure)
Press: ? - help, Shift-Dir - straight line, f/p - gnoll
Aim: a gnoll, wielding a +0 club (moderately wounded, 100% to hit)
The magic dart hits the gnoll.
The gnoll is heavily wounded.
The gnoll barely misses you.
Casting: Magic Dart (safe; 9% risk of failure)
Confirm with . or Enter, or press ? or * to list all spells.
Aiming: Magic Dart (safe; 9% risk of failure)
Press: ? - help, Shift-Dir - straight line, f/p - gnoll
Aim: a gnoll, wielding a +0 club (heavily wounded, 100% to hit)
You miscast Magic Dart.
You are very lightly contaminated with residual magic.
Nothing appears to happen.
The gnoll hits you with a +0 club.
Ouch! That really hurt!
Casting: Magic Dart (safe; 9% risk of failure)
Confirm with . or Enter, or press ? or * to list all spells.
Aiming: Magic Dart (safe; 9% risk of failure)
Press: ? - help, Shift-Dir - straight line, f/p - gnoll
Aim: a gnoll, wielding a +0 club (heavily wounded, 100% to hit)
The magic dart hits the gnoll but does no damage.
The gnoll is heavily wounded.
The gnoll hits you with a +0 club.
Ouch! That really hurt!
You die...

################## ###
#.#..#...##.##...##.....
#..##..##.##...#....#
###..#..#.#.....#...#
#..####.##..##.##...†...
#.##...#.#..#..##..#..##
##.#.###.##...#..##) .#
##..## #.#.@#......# g.
#<### .##g.....##. . #.#
#.#..##.....[ #.. #...#
.##.# #### #..#...#. .#
#.#. .....# #... ....##
#.## ...#.. # ##.....


You could see a gnoll.

Vanquished Creatures
  A bat (D:1)
  A kobold (D:1)
  2 rats (D:1)
4 creatures vanquished.

Notes
Turn   | Place    | Note
-------+----------+-------------------------------------------
     0 | D:1      | pokeman the Deep Elf Hedge Wizard began the quest for the
                  | Orb.
     0 | D:1      | Reached XP level 1. HP: 10/10 MP: 7/7
   153 | D:1      | Slain by a gnoll

Illustrated notes

Levels and vault maps discovered:
D:1:      erik_arrival_cave_to_civilisation [erik_arrival_cave_to_hall],
          layout_basic

Action                     || total
---------------------------++-------
   Cast: Magic Dart        ||    16
  Dodge: Dodged            ||     3

Table legend: (Time is in decaauts)
 A = Elapsed time spent in this place.
 B = Non-inter-level travel time spent in this place.
 C = Inter-level travel time spent in this place.
 D = Time resting spent in this place.
 E = Time spent auto-exploring this place.
 F = Levels seen in this place.
 G = Mean time per level.
                   A        B        C        D        E       F      G
               +--------+--------+--------+--------+--------+-----+--------+
         Total |    153 |    153 |      0 |     70 |     31 |   1 |  153.0 |
       Dungeon |    153 |    153 |      0 |     70 |     31 |   1 |  153.0 |
               +--------+--------+--------+--------+--------+-----+--------+

Top non-repeatable levels by time:
     D:1: 153 daAuts
